[Event "ICC Open 2015"]
[Site "Internet Chess Club"]
[Date "2015.05.29"]
[Round "8"]
[White "Eros"]
[Black "yummy2"]
[Result "1-0"]
[ICCResult "Black resigns"]
[WhiteElo "3013"]
[BlackElo "2670"]
[Opening "Sicilian: Kan, 5.Nc3"]
[ECO "B43"]
[NIC "SI.41"]
[Time "20:52:15"]
[TimeControl "180+0"]

1. e4 c5 2. Nf3 e6 3. d4 cxd4 4. Nxd4 a6 5. Nc3 Qc7 6. Bd3 Nf6 7. Qe2 d6 8.
f4 Nbd7 9. Bd2 b5 10. a3 Bb7 11. g4 Nc5 12. g5 Nfd7 13. b4 Nxd3+ 14. cxd3 g6
15. Rc1 Qd8 16. h4 Bg7 17. Nb3 Nb6 18. Na5 Qd7 19. Qf2 Nc8 20. h5 d5 21. h6
Bxc3 22. Bxc3 Rg8 23. Be5 dxe4 24. Rc7 Qxd3 25. Nxb7 Qb1+ 26. Kd2 Qxh1 27.
Qd4 e3+ 28. Qxe3 Qd5+ 29. Kc1 Ne7 30. Nd6+ Kf8 31. Qc3 Qh1+ 32. Kb2 Qg2+ 33.
Qc2 Qxc2+ 34. Kxc2 a5 35. Bf6 {Black resigns} 1-0

[Event "ICC Open 2015"]
[Site "Internet Chess Club"]
[Date "2015.05.29"]
[Round "8"]
[White "lsokol"]
[Black "HuevosDeLeon"]
[Result "1-0"]
[ICCResult "Black forfeits on time"]
[WhiteElo "2379"]
[BlackElo "2652"]
[Opening "QGD: Semi-Tarrasch with e3"]
[ECO "D42"]
[NIC "TD.12"]
[Time "20:52:08"]
[TimeControl "180+0"]

1. d4 Nf6 2. c4 e6 3. Nf3 d5 4. Nc3 c5 5. cxd5 Nxd5 6. e3 cxd4 7. exd4 Nc6
8. Bd3 Be7 9. O-O O-O 10. a3 Bf6 11. Be4 Nce7 12. Qd3 g6 13. Bh6 Re8 14.
Rac1 Bd7 15. Ne5 Bc6 16. Qf3 Nf5 17. Bxf5 exf5 18. Nxc6 bxc6 19. Rfd1 Rb8
20. b4 a5 21. Nxd5 cxd5 22. bxa5 Qxa5 23. Rc5 Qa4 24. Rxd5 Rb3 25. Be3 f4
26. Re1 fxe3 27. Qxf6 Qxa3 28. fxe3 Rbxe3 29. Rf1 R3e7 30. Re5 Qa7 31. Rxe7
Qxe7 32. Qxe7 Rxe7 33. Kf2 Rd7 34. Ke3 f5 35. Kd3 Kg7 36. Re1 Kf6 37. Kc4 g5
38. Re2 f4 39. d5 h5 40. Kc5 Kf5 41. d6 g4 42. Kc6 Rd8 43. d7 f3 44. gxf3
gxf3 45. Rd2 Kf4 46. Kc7 Rxd7+ 47. Kxd7 f2 48. Rxf2+ {Black forfeits on
time} 1-0

[Event "ICC Open 2015"]
[Site "Internet Chess Club"]
[Date "2015.05.29"]
[Round "8"]
[White "EREBUNI"]
[Black "Zigfrid"]
[Result "1-0"]
[ICCResult "Black resigns"]
[WhiteElo "3081"]
[BlackElo "3060"]
[Opening "Caro-Kann: Steinitz variation"]
[ECO "B17"]
[NIC "CK.08"]
[Time "20:51:43"]
[TimeControl "180+0"]

1. e4 c6 2. d4 d5 3. Nc3 dxe4 4. Nxe4 Nd7 5. Nf3 Ngf6 6. Nxf6+ Nxf6 7. Ne5
Bf5 8. c3 Qc8 9. Bc4 Be6 10. Bb3 Bxb3 11. Qxb3 e6 12. O-O Be7 13. f4 O-O 14.
a4 a5 15. Nc4 Nd5 16. Bd2 Qd7 17. Rae1 g6 18. Ne5 Qc7 19. c4 Nb4 20. Bxb4
Bxb4 21. Re2 Rad8 22. Rd1 Qb6 23. Qe3 Be7 24. Rd3 Bf6 25. Qd2 Qc7 26. Re4
Rd6 27. c5 Rd5 28. Nc4 Bd8 29. Nb6 Rh5 30. Re5 Rf5 31. g4 Rxe5 32. dxe5 Qe7
33. Nd7 Bc7 34. Nxf8 Qxc5+ 35. Kg2 Kxf8 36. Rd7 Bb6 37. Qd6+ Qxd6 38. exd6
Bc5 39. Rd8+ Kg7 40. d7 Bb6 41. Rb8 {Black resigns} 1-0

[Event "ICC Open 2015"]
[Site "Internet Chess Club"]
[Date "2015.05.29"]
[Round "8"]
[White "BehindBluEyes"]
[Black "weezil"]
[Result "1-0"]
[ICCResult "Black forfeits on time"]
[WhiteElo "2273"]
[BlackElo "1955"]
[Opening "Robatsch (modern) defense"]
[ECO "B06"]
[NIC "KF.05"]
[Time "20:51:23"]
[TimeControl "180+0"]

1. e4 g6 2. d4 Bg7 3. Be3 c5 4. c4 cxd4 5. Bxd4 Nf6 6. Nc3 Nc6 7. Be3 d6 8.
f3 O-O 9. Bd3 Ne5 10. Nge2 Nxd3+ 11. Qxd3 Be6 12. O-O a6 13. Rac1 Rc8 14. b3
h5 15. Nd4 Bd7 16. Qd2 Kh7 17. h3 Ng8 18. Nce2 e5 19. Nc2 Be6 20. Rfd1 Rc6
21. Nb4 Qc8 22. Nxc6 bxc6 23. Qxd6 Bxh3 24. Rd2 Be6 25. Rcd1 f5 26. Qb4 fxe4
27. fxe4 Bg4 28. Rf1 Rxf1+ 29. Kxf1 Nf6 30. c5 Bxe2+ 31. Rxe2 Qg4 32. Bf2 h4
33. Qc3 Nh5 34. Qf3 Qg5 35. Rc2 Ng3+ 36. Bxg3 hxg3 37. Rc3 Qd2 38. Qxg3 Qd1+
39. Kf2 Bh6 40. Rf3 Qd4+ 41. Ke2 Qxe4+ 42. Re3 {Black forfeits on time} 1-0

[Event "ICC Open 2015"]
[Site "Internet Chess Club"]
[Date "2015.05.29"]
[Round "8"]
[White "TheLoneKing1"]
[Black "Bagelhead"]
[Result "0-1"]
[ICCResult "White resigns"]
[WhiteElo "1980"]
[BlackElo "2332"]
[Opening "Scotch: Schmidt variation"]
[ECO "C45"]
[NIC "SO.04"]
[Time "20:52:15"]
[TimeControl "180+0"]

1. e4 e5 2. Nf3 Nc6 3. d4 exd4 4. Nxd4 Nf6 5. Nc3 Bb4 6. Nxc6 bxc6 7. Bd3
O-O 8. O-O Re8 9. Bg5 h6 10. Bh4 Be7 11. Kh1 Rb8 12. Rb1 d6 13. f4 Nd7 14.
Bf2 c5 15. Nd5 Bf8 16. Qf3 c6 17. Ne3 Nf6 18. b3 a5 19. Rbe1 Rb4 20. Nc4 d5
21. exd5 cxd5 22. Ne5 Bb7 23. a3 Rb6 24. Qg3 Ne4 25. Bxe4 dxe4 26. Rd1 Rd6
27. Rxd6 Bxd6 28. Nc4 Bf8 29. Be3 a4 30. f5 Qf6 31. h3 Ba6 32. Rf4 Bxc4 33.
bxc4 Bd6 34. Qf2 Bxf4 35. Qxf4 Qa1+ 36. Kh2 Qe5 37. Kg3 Qc3 38. Kh2 Qxa3 39.
f6 Qa1 40. fxg7 Qe5 41. Kg3 a3 42. Kg4 Qxf4+ 43. Kxf4 a2 {White resigns} 0-1

[Event "ICC Open 2015"]
[Site "Internet Chess Club"]
[Date "2015.05.29"]
[Round "8"]
[White "Smokie"]
[Black "Shafkat"]
[Result "1-0"]
[ICCResult "Black checkmated"]
[WhiteElo "1444"]
[BlackElo "1551"]
[Opening "English opening"]
[ECO "A22"]
[NIC "EO.10"]
[Time "20:51:54"]
[TimeControl "180+0"]

1. c4 e5 2. Nc3 Nf6 3. d4 Nc6 4. d5 Ne7 5. e4 Ng6 6. g3 d6 7. Bg2 Bd7 8.
Nge2 Be7 9. O-O c6 10. f4 exf4 11. Nxf4 Nxf4 12. Bxf4 cxd5 13. exd5 O-O 14.
Qf3 Re8 15. Rae1 Bg4 16. Qd3 Rc8 17. b3 a5 18. Nb5 Qd7 19. Qd4 Bh3 20. Bxh3
Qxh3 21. Bxd6 Ng4 22. Qd2 Bg5 23. Bf4 Bxf4 24. Rxe8+ Rxe8 25. gxf4 h5 26.
Nd6 Re3 27. Nf5 Rf3 28. Rxf3 Qxf3 29. Qb2 Qd1+ 30. Kg2 Qe1 31. Qxg7#
{Black checkmated}
1-0

[Event "ICC Open 2015"]
[Site "Internet Chess Club"]
[Date "2015.05.29"]
[Round "8"]
[White "ncc-1701"]
[Black "Machinegun"]
[Result "0-1"]
[ICCResult "White resigns"]
[WhiteElo "2056"]
[BlackElo "2511"]
[Opening "Benkö gambit"]
[ECO "A57"]
[NIC "BI.46"]
[Time "20:51:37"]
[TimeControl "180+0"]

1. d4 Nf6 2. c4 c5 3. d5 b5 4. Nf3 bxc4 5. e3 e6 6. Bxc4 Ba6 7. Bxa6 Qa5+ 8.
Nc3 Qxa6 9. dxe6 fxe6 10. Qe2 Qxe2+ 11. Kxe2 Nc6 12. Rd1 d5 13. Nb5 Rb8 14.
Nc7+ Kd7 15. Nxe6 Kxe6 16. Ng5+ Kf5 17. h4 h6 18. Nh3 Bd6 19. f3 Rhe8 20.
Kf2 Be5 21. g4+ Kg6 22. g5 hxg5 23. hxg5 Nh5 24. Rxd5 Nb4 25. Rd7 Rbd8 26.
Rxd8 Rxd8 27. f4 Bc7 28. Kf3 Rd1 29. Kg4 Nd3 30. f5+ Kf7 31. Kxh5 Rxc1 32.
Rxc1 Nxc1 33. e4 Nxa2 34. g6+ Kf6 35. Ng5 Be5 36. Nh7+ Ke7 37. Ng5 Bxb2 38.
Nf3 Kf6 39. Nd2 Nc3 40. Kg4 Bc1 41. Nb3 Be3 42. Kf3 c4 43. Na5 Bh6 44. Nxc4
Nb5 45. Kg4 Ke7 46. e5 Nd4 47. Na5 Bd2 48. Nc4 Bc3 49. Nd6 a5 50. Nc4 a4 51.
Kg5 Nf3+ 52. Kf4 Nxe5 53. Nxe5 Bxe5+ 54. Kxe5 a3 55. f6+ gxf6+ 56. Kf5 a2
57. g7 Kf7 58. g8=Q+ Kxg8 {White resigns} 0-1

[Event "ICC Open 2015"]
[Site "Internet Chess Club"]
[Date "2015.05.29"]
[Round "8"]
[White "Elico"]
[Black "hamballe"]
[Result "1-0"]
[ICCResult "Black forfeits on time"]
[WhiteElo "1851"]
[BlackElo "1444"]
[Opening "Sicilian: closed, 2...Nc6"]
[ECO "B23"]
[NIC "SI.44"]
[Time "20:52:26"]
[TimeControl "180+0"]

1. e4 c5 2. Nc3 Nc6 3. Bc4 e6 4. d3 g6 5. a4 Bg7 6. f4 Nge7 7. Nf3 O-O 8.
O-O d6 9. Qe1 a6 10. f5 exf5 11. Qh4 d5 12. exd5 Nd4 13. Bg5 Nxf3+ 14. Rxf3
h5 15. Bxe7 Qd7 16. Bxf8 Kxf8 17. Raf1 b5 18. axb5 axb5 19. Nxb5 Ba6 20. Na3
Bxc4 21. Nxc4 Re8 22. Ne3 Bd4 23. Qg5 Qxd5 24. c3 Bxe3+ 25. Rxe3 Rxe3 26.
Qxe3 Qe6 27. Qxe6 fxe6 28. Ra1 Ke7 29. Ra6 Kf6 30. Kf2 g5 31. b4 h4 32. bxc5
g4 33. c6 h3 34. g3 {Black forfeits on time} 1-0

[Event "ICC Open 2015"]
[Site "Internet Chess Club"]
[Date "2015.05.29"]
[Round "8"]
[White "BigSerge"]
[Black "gonesailing"]
[Result "1-0"]
[ICCResult "Black checkmated"]
[WhiteElo "1948"]
[BlackElo "1623"]
[Opening "KGD: Nimzovich counter-gambit"]
[ECO "C31"]
[NIC "KG.04"]
[Time "20:52:16"]
[TimeControl "180+0"]

1. e4 e5 2. f4 d5 3. exd5 c6 4. Nc3 cxd5 5. fxe5 d4 6. Ne4 Nc6 7. Nf3 Bg4 8.
Bb5 Be7 9. O-O Qb6 10. Bxc6+ Qxc6 11. d3 Nh6 12. Nd6+ Bxd6 13. exd6 Qxd6 14.
Re1+ Be6 15. Bxh6 gxh6 16. Qd2 O-O-O 17. Qxh6 Rhg8 18. Re2 Rg6 19. Qh4 Rdg8
20. Rae1 Qd5 21. Kh1 Bg4 22. Re5 Qc6 23. Nxd4 Qb6 24. Re8+ Rxe8 25. Rxe8+
Kc7 26. Qd8# {Black checkmated} 1-0

[Event "ICC Open 2015"]
[Site "Internet Chess Club"]
[Date "2015.05.29"]
[Round "8"]
[White "Blondicheck"]
[Black "LordKinbote"]
[Result "1-0"]
[ICCResult "Black resigns"]
[WhiteElo "1550"]
[BlackElo "1397"]
[Opening "Two knights defense"]
[ECO "C58"]
[NIC "KP.01"]
[Time "20:51:32"]
[TimeControl "180+0"]

1. e4 e5 2. Nf3 Nc6 3. Bc4 Nf6 4. Ng5 d5 5. exd5 Na5 6. Bb5+ c6 7. dxc6 bxc6
8. Bd3 h6 9. Ne4 Be7 10. O-O O-O 11. a3 c5 12. b4 cxb4 13. Nxf6+ gxf6 14.
axb4 Bxb4 15. Qf3 Rb8 16. Qg3+ Kh8 17. Qh4 f5 18. Qxh6+ Kg8 19. g4 e4 20.
Be2 fxg4 21. Kh1 Re8 22. Rg1 Bf8 23. Qh5 f5 24. h3 Re7 25. Qg5+ Rg7 26. Qxd8
Nc6 27. Qd5+ Kh8 28. Qxc6 gxh3 29. Rxg7 Bxg7 30. Qe8+ Kh7 31. Qh5+ Kg8 32.
Qxh3 f4 33. Bg4 Bxg4 34. Qxg4 Rb7 35. Qc8+ {Black resigns} 1-0

[Event "ICC Open 2015"]
[Site "Internet Chess Club"]
[Date "2015.05.29"]
[Round "8"]
[White "warlord1"]
[Black "fearlessone"]
[Result "0-1"]
[ICCResult "White forfeits on time"]
[WhiteElo "1506"]
[BlackElo "1684"]
[Opening "Queen's Pawn"]
[ECO "B07"]
[NIC "QO.17"]
[Time "20:51:41"]
[TimeControl "180+0"]

1. d4 d6 2. e4 g6 3. c4 Bg7 4. Be3 Nd7 5. Nc3 e6 6. Bd3 Ne7 7. Nge2 O-O 8.
O-O b6 9. f4 Bb7 10. a3 Nf6 11. Qc2 Ng4 12. Bd2 h5 13. h3 Nh6 14. b4 Nc6 15.
Be3 a6 16. Rad1 Qe7 17. Qb3 Kh8 18. d5 exd5 19. cxd5 Na7 20. Ng3 Rae8 21.
Bf2 Qf6 22. Nce2 Bc8 23. Be3 Qe7 24. Nd4 b5 25. Nge2 f5 26. Ne6 Bxe6 27.
dxe6 fxe4 28. Bxe4 Qxe6 29. Ng3 Qxb3 30. Bxa7 Qxg3 31. Rf3 Qh4 32. Bxg6 Re1+
33. Rxe1 Qxe1+ 34. Kh2 Qd2 35. Be3 Qd5 36. Bf2 Nf5 37. g4 hxg4 38. hxg4 Qxf3
39. Bxf5 Qxf2+ 40. Kh3 Rxf5 41. gxf5 Qf3+ {White forfeits on time} 0-1

[Event "ICC Open 2015"]
[Site "Internet Chess Club"]
[Date "2015.05.29"]
[Round "8"]
[White "EpicEffects"]
[Black "marabu"]
[Result "0-1"]
[ICCResult "White resigns"]
[WhiteElo "2273"]
[BlackElo "2043"]
[Opening "French: Tarrasch, closed variation"]
[ECO "C05"]
[NIC "FR.16"]
[Time "20:51:51"]
[TimeControl "180+0"]

1. e4 e6 2. d4 d5 3. Nd2 Nf6 4. e5 Nfd7 5. c3 c5 6. f4 Nc6 7. Ndf3 cxd4 8.
cxd4 f6 9. Bd3 Bb4+ 10. Bd2 Qa5 11. Ne2 O-O 12. O-O Bxd2 13. Nxd2 f5 14. Nb3
Qb6 15. Rc1 a5 16. Nc5 Nxc5 17. Rxc5 Bd7 18. Qd2 Nxd4 19. Nxd4 Qxc5 20. Bb1
Rac8 21. Kh1 Qb6 22. g4 Rc4 23. Nf3 Qb4 24. gxf5 Rxf4 25. Qd3 R8xf5 26. Qe2
Rf8 27. Qg2 Rxf3 28. Rg1 R3f7 29. Qh3 Rf5 30. Qg3 g6 31. Bxf5 Rxf5 32. b3
Bc6 33. h4 Qd2 {White resigns} 0-1

[Event "ICC Open 2015"]
[Site "Internet Chess Club"]
[Date "2015.05.29"]
[Round "8"]
[White "franco"]
[Black "lemanofzorn"]
[Result "0-1"]
[ICCResult "White resigns"]
[WhiteElo "1303"]
[BlackElo "1448"]
[Opening "English: symmetrical variation"]
[ECO "A30"]
[NIC "EO.64"]
[Time "20:52:04"]
[TimeControl "180+0"]

1. c4 c5 2. Nf3 Nf6 3. e3 Nc6 4. d4 cxd4 5. exd4 d6 6. Nc3 g6 7. Be2 Bg7 8.
Be3 O-O 9. h3 Bd7 10. O-O Qb6 11. Qb3 Qc7 12. Rac1 Na5 13. Qc2 Nxc4 14. b3
Nxe3 15. fxe3 Qa5 16. Kh1 Bc6 17. Ng5 Nd5 18. Bf3 Nxe3 19. Qd3 Nxf1 20. Bxc6
Ng3+ 21. Kh2 bxc6 22. Qxg3 Bxd4 23. Qh4 h5 24. Qxd4 Qxg5 25. Ne4 Qxc1 26.
Ng5 Qxg5 27. Qc4 c5 28. Qd3 a5 29. g3 a4 30. Kg2 axb3 31. axb3 Ra2+ 32. Kf3
Qf6+ 33. Ke3 Qe5+ 34. Qe4 Re2+ 35. Kd3 Qxe4+ {White resigns} 0-1

[Event "ICC Open 2015"]
[Site "Internet Chess Club"]
[Date "2015.05.29"]
[Round "8"]
[White "rovov"]
[Black "ALexiz"]
[Result "0-1"]
[ICCResult "White forfeits on time"]
[WhiteElo "1650"]
[BlackElo "1818"]
[Opening "English: Wimpey system"]
[ECO "A13"]
[NIC "QP.09"]
[Time "20:51:45"]
[TimeControl "180+0"]

1. Nf3 d5 2. c4 e6 3. b3 Nf6 4. e3 c5 5. Bb2 Nc6 6. Be2 d4 7. exd4 cxd4 8.
d3 a5 9. O-O Bc5 10. Nbd2 O-O 11. Rb1 e5 12. Ba1 Bf5 13. Ng5 h6 14. Nge4
Nxe4 15. Nxe4 Be7 16. Ng3 Be6 17. Bf3 f5 18. Re1 Qd6 19. Qc1 Nb4 20. Qd2
Rab8 21. a3 Nc6 22. Bxc6 bxc6 23. Rec1 Qxa3 24. Bb2 Qc5 25. Ba1 Bg5 26. Qa2
Bxc1 27. Rxc1 Qb4 28. Rb1 a4 29. Ne2 axb3 30. Qb2 c5 31. Nc1 e4 32. Nxb3
exd3 33. Nd2 Qxb2 34. Rxb2 Rxb2 35. Bxb2 Rb8 36. Bc1 Ra8 37. f3 Ra1 38. Kf2
Rxc1 39. g4 fxg4 40. fxg4 Bxc4 41. Nxc4 Rxc4 42. Ke1 Rc2 43. h4 Rh2
{White forfeits on time}
0-1

[Event "ICC Open 2015"]
[Site "Internet Chess Club"]
[Date "2015.05.29"]
[Round "8"]
[White "akibael"]
[Black "Sebs"]
[Result "0-1"]
[ICCResult "White resigns"]
[WhiteElo "2422"]
[BlackElo "2964"]
[Opening "QGD Slav: 4.e3"]
[ECO "D11"]
[NIC "QP.09"]
[Time "20:52:26"]
[TimeControl "180+0"]

1. Nf3 d5 2. d4 c6 3. c4 Nf6 4. e3 Bg4 5. Nc3 e6 6. Be2 Be7 7. O-O O-O 8.
Ne5 Bxe2 9. Qxe2 Nbd7 10. Nxd7 Qxd7 11. Rd1 dxc4 12. Qxc4 b5 13. Qe2 Rfd8
14. e4 Rac8 15. Be3 b4 16. Na4 Nxe4 17. Rac1 Qc7 18. f3 Nf6 19. Nc5 Nd5 20.
Bf2 Bd6 21. g3 a5 22. Re1 Ra8 23. Nd3 a4 24. Rc4 Qb6 25. Rec1 Rdc8 26. Ne5
Qb5 27. Kf1 a3 28. bxa3 Nc3 29. R4xc3 Qxe2+ 30. Kxe2 bxc3 31. Rxc3 Bxa3 32.
Nxc6 Kf8 33. Kd3 Bd6 34. Rc2 Ra6 35. Nb4 Rxc2 36. Nxc2 Rxa2 37. Be3 Ke7 38.
f4 Kd7 39. h4 Kc6 40. Ne1 Kd5 41. Nf3 Ra3+ 42. Ke2 h6 43. Nd2 Bb4 44. Nf3
Ke4 {White resigns} 0-1

[Event "ICC Open 2015"]
[Site "Internet Chess Club"]
[Date "2015.05.29"]
[Round "8"]
[White "chessfidebullet"]
[Black "paulmagriel"]
[Result "0-1"]
[ICCResult "White forfeits on time"]
[WhiteElo "1174"]
[BlackElo "2023"]
[Opening "Caro-Kann: advance variation"]
[ECO "B12"]
[NIC "CK.02"]
[Time "20:51:25"]
[TimeControl "180+0"]

1. e4 c6 2. d4 d5 3. e5 c5 4. Nf3 Bg4 5. c3 Nc6 6. Be2 e6 7. O-O Bxf3 8.
gxf3 cxd4 9. c4 dxc4 10. Bxc4 Nxe5 11. Qa4+ Nc6 12. Bb5 Ne7 13. Bg5 Qd5 14.
Bxe7 Bxe7 15. Rc1 Qg5+ 16. Kf1 Qxc1+ 17. Ke2 O-O 18. Bd3 Qxb2+ 19. Nd2 Qxa1
20. Qc2 g6 21. Ne4 f5 22. Ng3 Qc3 23. Qb1 Bb4 24. f4 Kg7 25. Kf3 e5 26. fxe5
Nxe5+ 27. Kg2 Nxd3 28. Qf1 Nf4+ {White forfeits on time} 0-1

[Event "ICC Open 2015"]
[Site "Internet Chess Club"]
[Date "2015.05.29"]
[Round "8"]
[White "vasek"]
[Black "receipt"]
[Result "1/2-1/2"]
[ICCResult "White ran out of time and Black has no material to mate"]
[WhiteElo "1269"]
[BlackElo "1090"]
[Opening "Scandinavian (center counter) defense"]
[ECO "B01"]
[NIC "VO.17"]
[Time "20:51:30"]
[TimeControl "180+0"]

1. e4 d5 2. exd5 Qxd5 3. d4 Qd6 4. Nf3 Nf6 5. Be2 Bf5 6. O-O h6 7. c3 c6 8.
h3 e6 9. Be3 Nd5 10. Nbd2 Nxe3 11. fxe3 Nd7 12. Nc4 Qc7 13. Nfe5 Nxe5 14.
Nxe5 f6 15. Nc4 b5 16. Nd2 Bd6 17. e4 Bh7 18. Nf3 Bxe4 19. Re1 f5 20. Bf1
Bg3 21. Re3 f4 22. Rxe4 O-O-O 23. Rxe6 c5 24. d5 c4 25. Rc6 Qxc6 26. dxc6
Rxd1 27. Rxd1 Rd8 28. Rxd8+ Kxd8 29. Ne5 Kc7 30. b3 cxb3 31. axb3 Kd6 32.
Nf7+ Kxc6 33. Bd3 Be1 34. Be4+ Kc5 35. c4 bxc4 36. bxc4 Kxc4 37. Ne5+ Kd4
38. Nf3+ Kxe4 39. Nxe1 a5 40. Nc2 Kd3 41. Na3 a4 42. Nb5 Kc4 43. Na3+ Kb3
44. Nb5 a3 45. Nxa3 Kxa3 46. Kf2 Kb4 47. Kf3 g5 48. g3 Kc4 49. gxf4 gxf4 50.
Kxf4 Kd5 51. Kf5 Kd6 52. Kg6 Ke7 53. Kxh6 Kf8 54. h4 Kg8 55. h5 Kh8 56. Kg6
Kg8 57. h6 Kh8 58. Kf6 Kh7 59. Kg5 Kh8 60. Kg6 Kg8 61. Kh5 Kh7 62. Kg5 Kh8
63. Kg6 Kg8 64. Kf6 Kh8 65. Kg5 Kh7
{White ran out of time and Black has no material to mate}
1/2-1/2

[Event "ICC Open 2015"]
[Site "Internet Chess Club"]
[Date "2015.05.29"]
[Round "8"]
[White "Ricardov"]
[Black "supermouse"]
[Result "0-1"]
[ICCResult "White resigns"]
[WhiteElo "2331"]
[BlackElo "2700"]
[Opening "Robatsch defense: Pseudo-Austrian attack"]
[ECO "B07"]
[NIC "QO.17"]
[Time "20:52:03"]
[TimeControl "180+0"]

1. d4 d6 2. e4 g6 3. Nc3 Bg7 4. f4 Nc6 5. Nf3 Bg4 6. Be3 Bxf3 7. gxf3 e5 8.
dxe5 dxe5 9. Qxd8+ Rxd8 10. Bb5 Ne7 11. fxe5 Bxe5 12. f4 Bg7 13. Bd3 O-O 14.
O-O-O Nd4 15. Ne2 c5 16. Bxd4 cxd4 17. e5 f6 18. Bc4+ Kh8 19. Rxd4 fxe5 20.
Rxd8 Rxd8 21. fxe5 Bxe5 22. h3 Nf5 23. Bd3 Nh4 24. Rf1 Kg7 25. b3 g5 26. Kd2
h5 27. Ke3 Re8 28. Kf2 Rf8+ 29. Ke1 Re8 30. Kd2 Re7 31. Nc3 g4 32. hxg4 hxg4
33. Nd5 Rd7 34. Be4 Kh6 35. c4 g3 36. Ke3 Rg7 37. c5 g2 38. Rg1 Bh2 39. Kf2
Rf7+ {White resigns} 0-1

[Event "ICC Open 2015"]
[Site "Internet Chess Club"]
[Date "2015.05.29"]
[Round "8"]
[White "NietzscheBac"]
[Black "Lzmann"]
[Result "0-1"]
[ICCResult "White forfeits on time"]
[WhiteElo "1588"]
[BlackElo "1804"]
[Opening "King's Indian: Kazakh variation"]
[ECO "E91"]
[NIC "KI.19"]
[Time "20:51:34"]
[TimeControl "180+0"]

1. d4 Nf6 2. c4 g6 3. Nc3 Bg7 4. e4 d6 5. Nf3 O-O 6. Be2 Na6 7. O-O e5 8.
dxe5 dxe5 9. Qxd8 Rxd8 10. Bg5 c6 11. Nxe5 Re8 12. Nd3 Nxe4 13. Nxe4 Rxe4
14. f3 Re8 15. Rfe1 Nc7 16. Rad1 Bf5 17. b3 Ne6 18. Bc1 Nd4 19. Bf1 Rxe1 20.
Rxe1 Nc2 21. Re7 Bd4+ 22. Kh1 b5 23. cxb5 cxb5 24. g4 Be6 25. Nf4 Be3 26.
Bxe3 Nxe3 27. Nxe6 Nxf1 28. Nd4 Nd2 29. Nxb5 a6 30. Nd6 Nxf3 31. Nxf7 Nh4
32. Ng5 Rc8 33. h3 Rc2 34. Rxh7 Rxa2 35. Rxh4 Rb2 36. Ne6 Rxb3 37. g5 Re3
38. Nc5 a5 39. Ra4 Rxh3+ 40. Kg2 Rh5 41. Rxa5 Rxg5+ 42. Kf3 Rd5 43. Nb7 Rd7
44. Nc5 Rf7+ 45. Kg4 Rf5 46. Nb3 Rf6 47. Rg5 Rb6 48. Nd4 Kg7 49. Nf3 Rb4+
50. Kg3 Kf6 51. Rg4 Rb3 52. Rf4+ Kg7 53. Kg4 Rb1 54. Re4 Rb2 55. Ng5 Rg2+
56. Kh3 Rxg5 57. Rg4 Rf5 58. Kh4 Kf6 59. Kg3 Rh5 60. Kf4 Rf5+ 61. Kg3 Ra5
62. Kh4 Ra3 63. Rf4+ Kg7 64. Rb4 Ra5 {White forfeits on time} 0-1

[Event "ICC Open 2015"]
[Site "Internet Chess Club"]
[Date "2015.05.29"]
[Round "8"]
[White "Theunrock"]
[Black "Supermodel"]
[Result "0-1"]
[ICCResult "White forfeits on time"]
[WhiteElo "1927"]
[BlackElo "2225"]
[Opening "French: Chigorin variation"]
[ECO "C00"]
[NIC "FR.01"]
[Time "20:52:02"]
[TimeControl "180+0"]

1. e4 e6 2. Qe2 g6 3. Nf3 Bg7 4. g3 c5 5. c3 Nc6 6. Bg2 c4 7. O-O b5 8. a4
bxa4 9. Rxa4 a5 10. Re1 Ba6 11. Ra1 Nge7 12. Na3 O-O 13. e5 f5 14. Nxc4 Bb5
15. d3 Nd5 16. Nd6 Ba6 17. Bg5 Qc7 18. c4 Ndb4 19. d4 h6 20. Be3 Kh7 21. b3
Rab8 22. Qd2 Ne7 23. h4 Nbc6 24. Bf4 Rxb3 25. d5 Nb4 26. Rab1 Rxb1 27. Rxb1
Rb8 28. Nd4 Bxc4 29. Nxc4 Qxc4 30. dxe6 dxe6 31. Rc1 Qa6 32. Rc7 Re8 33. Bf1
Qb6 34. Qc3 Nbd5 35. Qc5 Qxc7 36. Qxc7 Nxc7 37. Bb5 Rb8 38. Bd7 Rb6 39. Ba4
Rb4 {White forfeits on time} 0-1

[Event "ICC Open 2015"]
[Site "Internet Chess Club"]
[Date "2015.05.29"]
[Round "8"]
[White "FedoseevVl95"]
[Black "Federicov"]
[Result "1-0"]
[ICCResult "Black resigns"]
[WhiteElo "3078"]
[BlackElo "3107"]
[Opening "Ruy Lopez: closed, 7...O-O"]
[ECO "C88"]
[NIC "RL.17"]
[Time "20:51:29"]
[TimeControl "180+0"]

1. e4 e5 2. Nf3 Nc6 3. Bb5 a6 4. Ba4 Nf6 5. O-O Be7 6. Re1 b5 7. Bb3 O-O 8.
h3 Bb7 9. d3 d5 10. Nbd2 dxe4 11. dxe4 Bc5 12. c3 a5 13. Bc2 Qe7 14. Qe2 Ba6
15. Bd3 Rfb8 16. a4 Nh5 17. Nf1 Na7 18. axb5 Nxb5 19. Rxa5 c6 20. Bg5 Qc7
21. Raa1 h6 22. Bd2 Nf4 23. Bxf4 exf4 24. e5 Bc8 25. Bc4 Bf5 26. Rxa8 Rxa8
27. e6 fxe6 28. Bxe6+ Bxe6 29. Qxe6+ Qf7 30. Qxc6 Bxf2+ 31. Kxf2 Qa7+ 32.
Nd4 Nxd4 33. Qd5+ Ne6+ 34. Kf3 Rd8 35. Qxe6+ Kh8 36. Qe4 Qb6 37. Qxf4 Qxb2
38. Qe3 Qb8 39. g3 Qb7+ 40. Kf2 Rf8+ 41. Kg1 Qc8 42. h4 Qh3 43. Qe2 Qc8 44.
Rc1 Qc5+ 45. Kg2 Qc6+ 46. Kh2 Qc5 47. Kh3 Qc8+ 48. Qg4 Qc6 49. Qe2 Qh1+ 50.
Qh2 Qc6 51. Qg2 Qc5 52. Qe4 Rf2 53. Ne3 Re2 54. Qe8+ Kh7 55. Qe4+ Kh8 56.
Ra1 Qc8+ 57. g4 Qb8 58. Rh1 Qb6 59. Qe8+ Kh7 60. Qe4+ Kh8 61. Qa8+ Kh7 62.
Ng2 Rc2 63. Qe4+ Qg6 64. Qxg6+ Kxg6 65. Nf4+ Kh7 66. Nd5 Rd2 67. c4 Rd3+ 68.
Kg2 Rd4 69. Rc1 Rxg4+ 70. Kf3 Rxh4 71. c5 Rh3+ 72. Ke4 Rh2 73. c6 Re2+ 74.
Ne3 Ra2 75. c7 Ra4+ 76. Ke5 Ra5+ 77. Nd5 Ra8 78. c8=Q {Black resigns} 1-0

[Event "ICC Open 2015"]
[Site "Internet Chess Club"]
[Date "2015.05.29"]
[Round "8"]
[White "DropZone"]
[Black "nikenwidiartto"]
[Result "0-1"]
[ICCResult "White checkmated"]
[WhiteElo "2085"]
[BlackElo "1875"]
[Opening "Queen's pawn game"]
[ECO "D02"]
[NIC "QP.08"]
[Time "20:52:07"]
[TimeControl "180+0"]

1. d4 d5 2. Nf3 c6 3. Bf4 Nf6 4. e3 Bf5 5. c4 Nbd7 6. Nc3 e6 7. h3 h6 8. Be2
Be7 9. O-O O-O 10. a3 a5 11. Bd3 Bxd3 12. Qxd3 Nb6 13. Ne5 Nfd7 14. c5 Nxe5
15. Bxe5 Nc4 16. Bg3 Nxb2 17. Qb1 Nc4 18. Qxb7 Rc8 19. Na4 Bh4 20. Bh2 Qg5
21. Bf4 Qg6 22. Nb6 Nxb6 23. cxb6 c5 24. Bd6 cxd4 25. Bxf8 Rxf8 26. Qc7 dxe3
27. b7 exf2+ 28. Kh1 Bg3 29. Qxa5 Be5 30. Rab1 Qg3 31. Qb4 Qh2#
{White checkmated}
0-1

[Event "ICC Open 2015"]
[Site "Internet Chess Club"]
[Date "2015.05.29"]
[Round "8"]
[White "Permanent"]
[Black "siso"]
[Result "1-0"]
[ICCResult "Black resigns"]
[WhiteElo "2066"]
[BlackElo "1691"]
[Opening "QGD: Ragozin variation"]
[ECO "D38"]
[NIC "NI.27"]
[Time "20:52:44"]
[TimeControl "180+0"]

1. d4 Nf6 2. c4 d5 3. Nf3 e6 4. Nc3 Bb4 5. Bg5 O-O 6. Qc2 Bxc3+ 7. Qxc3 Ne4
8. Bxd8 Nxc3 9. Bxc7 Ne4 10. e3 Nc6 11. Bd3 Nf6 12. O-O dxc4 13. Bxc4 b6 14.
Be2 Bb7 15. Rac1 Rac8 16. Bg3 Ne4 17. a3 Nxg3 18. hxg3 Ne7 19. Nd2 a6 20.
Bf3 Bxf3 21. Nxf3 f6 22. Nd2 b5 23. Nb3 Rxc1 24. Rxc1 Rc8 25. Rxc8+ Nxc8 26.
Nc5 a5 27. Nxe6 b4 28. axb4 axb4 29. Nc5 Nb6 30. Na6 b3 31. Nc5 Nc4 32. Na4
Kf7 33. Kf1 Ke6 34. Ke2 Kd5 35. Kd3 Na5 36. e4+ Kd6 37. Nc5 g6 38. Kc3 f5
39. f3 h5 40. Nxb3 Nc6 41. Kc4 Ne7 42. e5+ Ke6 43. Nc5+ Kf7 44. d5 g5 45. d6
Nc6 46. Nd3 Ke6 47. b4 h4 48. gxh4 gxh4 49. b5 Na5+ 50. Kc5 Nb7+ 51. Kc6
Nd8+ 52. Kc7 Nf7 53. b6 f4 54. b7 {Black resigns} 1-0